 Dungeon Crawl Stone Soup version 0.28.0-1-gb440e238dd (webtiles) character file.

Game seed: 2121196087155247046

22 eliilek the Shield-Bearer (level 2, 0/27 HPs)
             Began as a Minotaur Fighter on Feb 21, 2022.
             Was a Follower of Fedhas.
             Succumbed to an adder's poison
             ... on level 2 of the Dungeon.
             The game lasted 00:02:02 (907 turns).

eliilek the Shield-Bearer (Minotaur Fighter)         Turns: 907, Time: 00:02:02

Health: 0/27       AC:  8    Str: 20    XL:     2   Next: 68%
Magic:  1/1        EV:  9    Int:  5    God:    Fedhas [*.....]
Gold:   63         SH:  4    Dex:  9    Spells: 1/1 levels left

rFire   . . .      SeeInvis .   a - +0 flail
rCold   . . .      Faith    .   c - +0 buckler
rNeg    . . .      Spirit   .   b - +1 scale mail
rPois   .          Reflect  .   (helmet restricted)
rElec   .          Harm     .   (no cloak)
rCorr   +          Rampage  .   (no gloves)
Will    .....                   (no boots)
Stlth   ..........              (no amulet)
HPRegen 0.09/turn               f - ring of resist corrosion
MPRegen 0.07/turn               (no ring)

@: lethally poisoned (0 -> -2)
A: horns 2, retaliatory headbutt
a: Renounce Religion


You were on level 2 of the Dungeon.
You worshipped Fedhas.
Fedhas was aware of your devotion.
You visited 1 branch of the dungeon, and saw 2 of its levels.

You collected 63 gold pieces.

Inventory:

Hand Weapons
 a - a +0 flail (weapon)
Missiles
 e - 38 stones (quivered)
 h - 4 atropa-tipped darts
 i - 16 sling bullets
Armour
 b - a +1 scale mail (worn)
 c - a +0 buckler (worn)
Jewellery
 f - a ring of resist corrosion (left hand)
Potions
 d - a potion of might


   Skills:
 + Level 3.8 Fighting
 * Level 3.0 Maces & Flails
 + Level 3.8 Armour
 * Level 4.1 Shields


You had one spell level left.
You didn't know any spells.
Your spell library contained the following spells:

 Spells                   Type           Power      Damage    Failure   Level
 Summon Ice Beast         Ice/Summ       0%         N/A       100%        4
 Summon Mana Viper        Hex/Summ       0%         N/A       100%        5
 Monstrous Menagerie      Summ           0%         N/A       100%        7


Dungeon Overview and Level Annotations

Branches:
Dungeon (2/15)

Altars:
Fedhas


Innate Abilities, Weirdness & Mutations

You have a pair of horns on your head.
You reflexively headbutt those who attack you in melee.


Message History

Your Shields skill increases to level 4!
You closely miss the adder. You headbutt the adder.
The adder is heavily wounded.
The adder bites you but does no damage. The adder closely misses you.
The endoplasm closely misses you.
You miss the adder.
The adder is heavily wounded.
The adder bites you.
You are poisoned.
The adder poisons you! The endoplasm freezes you.
You are frozen.
The adder barely misses you. You furiously retaliate!
You headbutt the adder.
You kill the adder!
Fedhas appreciates your contribution to the ecosystem.
Your Maces & Flails skill increases to level 3!
You feel sick.
The endoplasm jiggles.
The endoplasm freezes you.
You are frozen.
* * * LOW HITPOINT WARNING * * *
You see here an adder corpse.
You hit the endoplasm.
The endoplasm is heavily wounded.
* * * LOW HITPOINT WARNING * * *
You feel sick. The endoplasm hits you.
* * * LOW HITPOINT WARNING * * *
Okay, then.
As you read the scroll labelled MADETAU EFFEASSE, it crumbles to dust.
It is a scroll of enchant armour.
Your +0 scale mail glows green for a moment.
* * * LOW HITPOINT WARNING * * *
You feel sick. The endoplasm closely misses you.
You sock the endoplasm!
You kill the endoplasm!
Fedhas accepts your kill.
* * * LOW HITPOINT WARNING * * *
You feel sick.
You die...
Fedhas appreciates your contribution to the ecosystem.

##### ... .... #..
..## #.
#..#######..#####...
#..#.....#..#.......
......<....@†.......
.#.#...#.#.†.....#
#..._...#....$....
#.<...<.#........#
#...#...#........#
##.....##.######.#
###.###..# # ... ...
....###


There were no monsters in sight!

Vanquished Creatures
  An adder (D:2)
  2 endoplasms
  2 giant cockroaches (D:1)
  3 hobgoblins
  A ball python (D:1)
  3 bats
12 creatures vanquished.

Notes
Turn   | Place    | Note
-------+----------+-------------------------------------------
     0 | D:1      | eliilek the Minotaur Fighter began the quest for the Orb.
     0 | D:1      | Reached XP level 1. HP: 19/19 MP: 0/0
   536 | D:1      | Reached XP level 2. HP: 27/27 MP: 1/1
   889 | D:2      | Found a faded altar of an unknown god.
   892 | D:2      | Prayed at the altar of an unknown god.
   892 | D:2      | Became a worshipper of Fedhas Madash
   892 | D:2      | Reached * piety under Fedhas
   901 | D:2      | Reached skill level 4 in Shields
   905 | D:2      | HP: 1/27 [poisoned by an adder]
   907 | D:2      | Succumbed to an adder's poison

Illustrated notes

Levels and vault maps discovered:
D:1:      minmay_arrival_glassed_features, layout_basic
D:2:      layout_basic, nicolae_ecumenical_pavilion, serial_shops, shop,
          hex_intersection, grunt_ministairs_2, hangedman_decor_slide_cut

Skill      XL: |  1  2 |
---------------+-------+-----
Shields        | 4 |  4.1
Maces & Flails | 3 |  3.0
Fighting       | |  3.8
Armour         | |  3.8

Action                   || total
-------------------------++-------
Melee: Flail             ||    19
       Headbutt          ||     4
  Use: Scroll            ||     1
Armor: Scale mail        ||     7
Dodge: Dodged            ||    13
Block: Buckler           ||     4
